NCommander, lawful male dwarven Archeologist ---- --|..----- --^|....|<. |.............. --..#...*......... |.#---.--.----.... ---------------#.. G .................. ---......-------...-- |-.. ..- --..@-- ----... -----..s-- |.|.*. ...|.|.--|....|--- |..... ..........|....--.. --........--.-............-- ---.......................| |...--------..-----i...-- |...| ---- |...-- ----- ----- NCommander the Digger Experience level: 2 Strength: 11 Dexterity: 9 Constitution: 16 Intelligence: 16 Wisdom: 16 Charisma: 9 Health: 0(24) Energy: 7(7) Def: 3 Gold: 521 Moves: 2246 Dungeon seed: NWL0nrt5TnwAQDs2 Game ID: NCommander_1476183397 Your Inventory: Coins $ - 521 gold pieces Weapons a - an uncursed +2 bullwhip D - an uncursed +0 dagger Armor e - an uncursed +0 leather jacket (being worn) n - an uncursed +0 fedora (being worn) Comestibles b - 2 uncursed food rations h - an uncursed egg s - an uncursed tin of spinach u - an uncursed cream pie x - an uncursed fortune cookie Scrolls i - an uncursed scroll of enchant weapon j - 3 uncursed scrolls of identify l - a cursed scroll of amnesia y - an uncursed scroll of magic mapping B - a cursed scroll of create monster Spellbooks m - an uncursed spellbook of confuse monster p - an uncursed spellbook of force bolt v - an uncursed spellbook of cancellation Potions g - a cursed potion of monster detection o - an uncursed potion of hallucination r - an uncursed potion of fruit juice w - an uncursed potion of water C - an uncursed potion of monster detection Tools c - an uncursed rusty +0 pick-axe (weapon in hand) d - an uncursed tinning kit (0:74) f - an uncursed sack A - an uncursed magic marker (0:79) Gems q - an uncursed touchstone Spells and supernatural/magical abilities: Name Level Category Fail Memory W - pray for help -- divine ? -- Your skills at the end: Fighting Skills Weapon Skills pick-axe [Basic] whip [Basic] Spellcasting Skills Final Attributes: You were piously aligned. You had infravision. You were stealthy. You were protected. You were fast. You are dead. Vanquished creatures: a wererat an acid blob a coyote 2 hobbits 4 giant rats a brown mold a gnome 2 geckos 4 jackals a kobold a grid bug a bat 3 lichens a kobold zombie 3 newts 27 creatures vanquished. Voluntary challenges: You had been an atheist until turn 1895. You used a wielded weapon 28 times, starting on turn 4. You read items or engraved 26 times, starting on turn 275. You never genocided any monsters. You never polymorphed an object. You never changed form. You used no wishes. You never split a pudding. You wrote Elbereth's name 19 times, starting on turn 275. You never violated your personal moral code. Dungeon overview: The Dungeons of Doom: levels 1 to 5 Level 1 a fountain a long staircase Level 2 some fountains Level 3 an altar to Camaxtli Level 4 stairs to The Gnomish Mines Level 5 The Gnomish Mines: levels 5 to 8 Level 5 stairs to The Dungeons of Doom Level 6 Level 7 many shops, a temple to Huhetotl, some fountains, some trees Level 8 <- You were here History has recorded: On T:1 you entered the Dungeons of Doom to retrieve the Amulet of Yendor! On T:63 you reached level 2 of The Dungeons of Doom. On T:329 you reached level 3 of The Dungeons of Doom. On T:831 you reached level 4 of The Dungeons of Doom. On T:1060 you reached level 5 of The Dungeons of Doom. On T:1260 you reached level 1 of The Gnomish Mines. On T:1552 you advanced to experience level 2. On T:1675 you reached level 2 of The Gnomish Mines. On T:1687 you reached level 3 of The Gnomish Mines. On T:1947 you reached level 4 of The Gnomish Mines. Score breakdown: Gold: 521 ( 9244 points) Experience: 2 levels ( 5570 points) Exploration: 8 levels ( 16.67%) (11577 points) Discoveries: 5 items ( 1.71%) ( 3925 points) Valuables value: (no points given unless you survive) Artifact value: 0 ( 0 points) Variety of kills: 15 monsters ( 3.94%) ( 5952 points) Turncount: 2246 turns ( -172 points) Survival: died (score multiplied by 80%) Total score: 28876 Latest messages: The giant spider bites! You add to the writing in the dust with your fingers. The giant spider turns to flee! The homunculus turns to flee! You finish searching. The homunculus turns to flee! (2x) You finish searching. You hear crashing rock. You write in the dust with your fingers. The giant spider bites! You add to the writing in the dust with your fingers. The giant spider turns to flee! You hear crashing rock. The giant spider turns to flee! The hobgoblin turns to flee! The giant spider turns to flee! You finish searching. You miss the giant spider. You stop searching. The giant spider bites! You add to the writing in the dust with your fingers. The giant spider bites! The giant spider's bite was poisoned! You die... The sack is empty. Final status: Goodbye NCommander the Archeologist, killed by a giant spider... You died in The Gnomish Mines on dungeon level 8 with 28876 points, and 521 pieces of gold, after 2246 moves. You were level 2 with a maximum of 24 hit points when you died.